 Dungeon Crawl Stone Soup version 0.25-a0-697-g890751e (webtiles) character file.

Game seed: 11054386735731358257, levelgen mode: deterministic

32872 Faels the Severer (level 13, 96/96 HPs)
             Began as a Minotaur Fighter on Mar 31, 2020.
             Was the Champion of Okawaru.
             Quit the game on level 2 of the Lair of Beasts.
             The game lasted 00:50:11 (16157 turns).

Faels the Severer (Minotaur Fighter)               Turns: 16157, Time: 00:50:12

Health: 96/96      AC: 18    Str: 35      XL:     13   Next: 33%
Magic:  16/16      EV: 12    Int: 11 (13) God:    Okawaru [******]
Gold:   525        SH: 17    Dex: 10      Spells: 12/12 levels left

rFire    + . .     SeeInvis +   H - +7 hand axe of the Pyrrhic Victory {drain, +Blink}
rCold    + . .     Gourm    .   c - +5 kite shield
rNeg     . . .     Faith    .   T - +1 plate armour "Pusour" {Str+4 Int+5}
rPois    +         Spirit   .   I - +1 hat of a wizard's laboratory {rF+}
rElec    +         Reflect  .   (no cloak)
rCorr    .         Harm     .   S - +0 pair of gloves
MR       ++...                  x - +0 pair of boots
Stlth    ..........             A - amulet of regeneration
HPRegen  0.66/turn              M - ring of the Good {rElec Str+5 Int+3 SInv}
MPRegen  0.15/turn              u - ring of Otiheofe {Wiz *Slow rC+ MR++ Slay+5}

@: no status effects
A: retaliatory headbutt, horns 2, frail 1, poison resistance
a: Heroism, Finesse, Renounce Religion, Evoke Blink


You were on level 2 of the Lair of Beasts.
You worshipped Okawaru.
Okawaru was exalted by your worship.
You were not hungry.

You visited 3 branches of the dungeon, and saw 13 of its levels.
You also visited: Ossuary and Gauntlet.

You collected 775 gold pieces.
You spent 250 gold pieces at shops.

Inventory:

Hand Weapons
 k - a +1 scimitar of flaming
 z - a +2 broad axe of electrocution
 H - the +7 hand axe of the Pyrrhic Victory (weapon) {drain, +Blink}
   (You found it on level 7 of the Dungeon)

   A truly terrible weapon, it drains the life of those it strikes.
   It lets you blink.
 O - the cursed +0 war axe of Etughono {vamp, rElec rC+}
   (You took it off a minotaur in a Gauntlet)

   It inflicts no extra harm, but heals its wielder when it wounds a living foe.
   It protects you from cold.
   It insulates you from electricity.
   It has a curse placed upon it.
 Y - a +2 broad axe of venom
Missiles
 b - 20 poisoned darts (quivered)
 q - 23 silver javelins
 Q - a javelin
Armour
 c - a +5 kite shield (worn)
 x - a +0 pair of boots (worn)
 I - the +1 hat of a wizard's laboratory (worn) {rF+}
   (You found it in a Gauntlet)

   It protects you from fire.
 S - a +0 pair of gloves (worn)
 T - the +1 plate armour "Pusour" (worn) {Str+4 Int+5}
   (You took it off a minotaur in a Gauntlet)

   It affects your strength (+4).
   It affects your intelligence (+5).
 V - a +1 scale mail of fire resistance
Jewellery
 e - an uncursed ring of resist corrosion
 o - an uncursed ring of stealth
 u - the ring of Otiheofe (right hand) {Wiz *Slow rC+ MR++ Slay+5}
   (You found it in a Gauntlet)

   [ring of wizardry]

   It improves your spell success rate.
   It affects your accuracy and damage with ranged weapons and melee attacks
   (+5).
   It protects you from cold.
   It affects your resistance to hostile enchantments.
   It may slow you when you take damage.
 A - an amulet of regeneration (around neck)
 B - an uncursed ring of flight
 J - an uncursed ring of positive energy
 M - the ring of the Good (left hand) {rElec Str+5 Int+3 SInv}
   (You found it in an ossuary)

   [ring of strength]

   It affects your strength (+5).
   It affects your intelligence (+3).
   It insulates you from electricity.
   It lets you see invisible.
 Z - the ring of Peasmugh {rPois rC+ Stlth+}
   (You found it on level 2 of the Lair of Beasts)

   [ring of stealth]

   It protects you from cold.
   It protects you from poison.
   It makes you more stealthy.
Wands
 t - a wand of paralysis (14)
 y - a wand of scattershot (9)
 D - a wand of polymorph (18)
 G - a wand of iceblast (1)
Scrolls
 a - a scroll of enchant armour
 h - 10 scrolls of remove curse
 l - 7 scrolls of teleportation
 m - 5 scrolls of blinking
 w - a scroll of fog
 F - 4 scrolls of fear
 X - 2 scrolls of summoning
Potions
 d - 7 potions of might
 g - 6 potions of stabbing
 i - 10 potions of curing
 j - 2 potions of flight
 n - a potion of degeneration {unknown}
 p - a potion of berserk rage {unknown}
 r - 3 potions of brilliance
 s - 3 potions of cancellation
 v - 2 potions of haste
 E - 2 potions of magic
 L - a potion of ambrosia {unknown}
 N - 4 potions of heal wounds {unknown}
 P - a potion of resistance {unknown}
 R - 2 potions of lignification {unknown}
 W - a potion of experience {unknown}
Miscellaneous
 C - a tin of tremorstones
 K - a lightning rod (4/4)
 U - a phantom mirror
Comestibles
 f - 14 rations


   Skills:
 - Level 8.0 Fighting
 + Level 17.1 Axes
 - Level 8.1 Armour
 - Level 13.4 Dodging
 - Level 8.1 Shields
 - Level 5.9 Invocations


You had 12 spell levels left.
You didn't know any spells.
Your spell library contained the following spells:

 Spells                   Type           Power        Failure   Level  Hunger
 Corona                   Hex            #......      88%         1    ##.....
 Foxfire                  Conj/Fire      #...         88%         1    ##.....
 Sandblast                Erth           #.....       88%         1    ##.....
 Sting                    Tmut/Pois      #...         88%         1    ##.....
 Summon Small Mammal      Summ           #...         88%         1    ##.....
 Call Imp                 Summ           #.......     95%         2    ###....
 Ensorcelled Hibernation  Hex/Ice        #.....       95%         2    ###....
 Passwall                 Tmut/Erth      #.......     95%         2    ###....
 Poisonous Vapours        Pois/Air       #.....       95%         2    ###....
 Swiftness                Chrm/Air       #.......     95%         2    ###....
 Call Canine Familiar     Summ           #.......     99%         3    ####...
 Confusing Touch          Hex            #.......     99%         3    ####...
 Dazzling Flash           Conj/Hex       #.....       99%         3    ####...
 Ignite Poison            Fire/Tmut/Pois #.......     99%         3    ####...
 Mephitic Cloud           Conj/Pois/Air  #.......     99%         3    ####...
 Stone Arrow              Conj/Erth      #.....       99%         3    ####...
 Summon Guardian Golem    Hex/Summ       #.......     99%         3    ####...
 Tukima's Dance           Hex            #.......     99%         3    ####...
 Olgreb's Toxic Radiance  Pois           #.......     100%        4    #####..
 Summon Ice Beast         Ice/Summ       #.......     100%        4    #####..
 Summon Lightning Spire   Summ/Air       #.......     100%        4    #####..
 Eringya's Noxious Bog    Tmut/Pois      #.........   100%        6    #######
 Starburst                Conj/Fire      #.........   100%        6    #######
 Statue Form              Tmut/Erth      #........    100%        6    #######
 Ring of Flames           Chrm/Fire      #.........   100%        7    #######
 Dragon's Call            Summ           #.........   100%        9    #######


Dungeon Overview and Level Annotations

Branches:
Dungeon (10/15)            Temple (1/1) D:4            Lair (2/6) D:8
  Swamp (0/4) Lair:2        Snake (0/4) Lair:2          Orc (0/2) D:9
Ossuary (visited)         Gauntlet (visited)

Altars:
Ashenzari
Cheibriados
Dithmenos
Elyvilon
Fedhas
Gozag
Hepliaklqana
Kikubaaqudgha
Makhleb
Nemelex Xobeh
Okawaru
Qazlal
Ru
Sif Muna
Trog
Uskayaw
Vehumet
Wu Jian
Xom
Yredelemnul
Zin
The Shining One

Shops:
D:6 *


Innate Abilities, Weirdness & Mutations

You reflexively headbutt those who attack you in melee.
You have a pair of horns on your head.
You are frail. (-10% HP)
Your system is resistant to poisons. (rPois)


Message History

You remove the ring of Otiheofe {Wiz *Slow rC+ MR++ Slay+5}.
o - a ring of stealth (right hand) You're wearing all the rings you can.
Remove which one? (? for menu, Esc to cancel) < or
M - the ring of the Good {rElec Str+5 Int+3 SInv} > or
o - a ring of stealth You remove your ring of stealth.
u - the ring of Otiheofe (right hand) {Wiz *Slow rC+ MR++ Slay+5} Save game and exit?
Welcome back, Faels the Minotaur Fighter.
Okawaru says: Bring me glory in combat!
Press ? for a list of commands and other information.
Quiver which item? (- for none, * to show all) (? for menu, Esc to quit)
That's the wrong kind of item! (Use * to select it.) Quiver which item? (- for none, * to show all) (? for menu, Esc to quit)
That's the wrong kind of item! (Use * to select it.) Quiver which item? (- for none, * to show all) (? for menu, Esc to quit)
Okay, then.
Unknown command.
Are you sure you want to abandon this character and quit the game? (Confirm with "yes".)

...P...##...P## ##...###...###..
###.......#### #....###.#.# ##.
##....=.# #P.P...#...## ##
###....#.## ##....#...P..###.
#.......## ##.........#...##.
##......# ###).........##.####
#<......######.......#....##.####
P...............#..........#.##..
....##.##....#..@............##^.
##..##......##..>................
####.....#..#.........#####.....
##......#....P...### #.#...
##......#........# ##.##..
#........#...#...# #P..#..
#..P.............## ###.###
##........PP.###.P# #....
#.....#...#### #### #.##.


There were no monsters in sight!

Vanquished Creatures
  An orc warlord (D:8)
  A reaper (Gauntlet)
  A minotaur (Gauntlet)
  2 hydras
  Erica (D:8)
  3 death yaks (D:8)
  3 two-headed ogres
  An orange crystal statue (Lair:2)
  An orc knight (D:8)
  2 oklob plants (Lair:1)
  A worldbinder (Gauntlet)
  A black mamba (Lair:1)
  A torpor snail (Lair:2)
  Maggie (Lair:2)
  6 spiny frogs
  A rime drake (Lair:2)
  7 komodo dragons
  The ghost of HDogLeCool the Shield-Bearer, a novice VSFi (D:4)
  Grinder (D:4)
  2 hornets (Gauntlet)
  2 hippogriffs
  15 blink frogs
  The ghost of MrTaco21 the Cudgeler, an amateur GrFi (D:4)
  A wraith (D:10)
  The ghost of Remcycle the Archer, an amateur CeHu of Okawaru (D:4)
  Grum (D:9)
  2 hungry ghosts
  A basilisk (Lair:2)
  12 yaks
  A human (D:8)
  14 wargs (D:8)
  Edmund (D:5)
  4 nagas (Lair:2)
  3 swamp worms (Lair:2)
  5 water moccasins
  8 porcupines
  A sky beast (D:6)
  9 orc warriors
  An eye of draining (D:9)
  2 ice beasts
  6 ogres
  A necrophage (D:10)
  3 phantoms
  2 wolves (D:9)
  3 boggarts (Gauntlet)
  3 crocodiles
  8 bullfrogs
  2 big kobolds
  A water moccasin zombie (Ossuary)
  2 scorpions
  A water moccasin skeleton (D:6)
  6 killer bees (D:10)
  5 wights (D:9)
  2 electric eels (Lair:2)
  3 howler monkeys
  6 crimson imps
  9 centaur zombies
  5 bullfrog zombies
  2 quasits
  A jelly (D:5)
  2 bullfrog skeletons
  6 hounds
  16 orc wizards
  4 orc priests
  2 iguanas
  Natasha (thrice) (D:2)
  4 worker ants
  4 hell rats (D:8)
  2 killer bee zombies (Ossuary)
  A hound zombie (Ossuary)
  2 hound skeletons (D:4)
  16 mummies (Ossuary)
  5 worker ant zombies (Ossuary)
  Robin (D:2)
  10 adders
  3 river rats (D:8)
  6 shadow imps
  An ooze (D:3)
  An adder skeleton (D:9)
  2 adder zombies (Ossuary)
  4 worms
  3 dart slugs
  2 leopard geckos
  102 orcs
  7 giant cockroaches
  8 hobgoblins
  18 jackals
  3 quokkas
  A ball python (D:3)
  4 bats
  6 frilled lizards
  A giant cockroach zombie (D:5)
  16 goblins
  A jackal skeleton (D:4)
  17 kobolds
  A leopard gecko skeleton (D:4)
  A leopard gecko zombie (Ossuary)
  A quokka skeleton (D:5)
  4 rats
  A plant (Gauntlet)
486 creatures vanquished.

Vanquished Creatures (others)
  An iguana (D:5)
  A worker ant (D:5)
  An adder (D:5)
  An orc (D:8)
  A frilled lizard (D:5)
  A fungus (Gauntlet)
  9 plants
  3 withered plants (Ossuary)
18 creatures vanquished.

Grand Total: 504 creatures vanquished

Notes
Turn   | Place    | Note
-------+----------+-------------------------------------------
     0 | D:1      | Faels the Minotaur Fighter began the quest for the Orb.
     0 | D:1      | Reached XP level 1. HP: 19/19 MP: 0/0
   113 | D:1      | Reached skill level 3 in Axes
   199 | D:1      | Reached XP level 2. HP: 26/26 MP: 1/1
   423 | D:1      | Reached skill level 4 in Axes
   991 | D:2      | Reached XP level 3. HP: 20/31 MP: 2/2
  1169 | D:2      | Found a bloodstained altar of Trog,
  1313 | D:2      | Reached skill level 5 in Axes
  1321 | D:2      | Noticed Robin
  1334 | D:2      | Reached XP level 4. HP: 23/39 MP: 3/3
  1348 | D:2      | Killed Robin
  1640 | D:2      | Found an opulent altar of Gozag,
  1749 | D:2      | Found a burning altar of Makhleb,
  1793 | D:2      | Noticed Natasha
  1809 | D:2      | Killed Natasha
  1809 | D:2      | Reached skill level 6 in Axes
  1935 | D:2      | Noticed a phantom
  1948 | D:2      | Killed a phantom
  1948 | D:2      | Reached skill level 7 in Axes
  1948 | D:2      | Reached XP level 5. HP: 33/45 MP: 4/4
  2092 | D:2      | Found a glowing silver altar of Zin,
  2345 | D:2      | Noticed Natasha
  2350 | D:2      | Killed Natasha
  2556 | D:2      | Noticed Natasha
  2561 | D:2      | Killed Natasha
  2674 | D:3      | Reached XP level 6. HP: 47/51 MP: 5/5
  3559 | D:4      | Reached skill level 8 in Axes
  3628 | D:4      | Reached skill level 1 in Dodging
  3827 | D:4      | Found a runed translucent gate,
  3827 | D:4      | Found a runed translucent gate,
  3827 | D:4      | Found a runed translucent gate,
  3827 | D:4      | Noticed HDogLeCool's ghost (novice VSFi)
  3827 | D:4      | Noticed Remcycle's ghost (amateur CeHu)
  3828 | D:4      | Noticed MrTaco21's ghost (amateur GrFi)
  3855 | D:4      | Found a staircase to the Ecumenical Temple,
  3871 | Temple   | Entered the Ecumenical Temple
  4086 | D:4      | Found an iron altar of Okawaru,
  4104 | D:4      | Reached XP level 7. HP: 48/57 MP: 6/6
  4111 | D:4      | Reached skill level 9 in Axes
  4168 | D:4      | Became a worshipper of Warmaster Okawaru
  4314 | D:4      | Found a sacrificial altar of Ru,
  4342 | D:4      | Noticed Grinder
  4348 | D:4      | Killed Grinder
  4348 | D:4      | Reached * piety under Okawaru
  4533 | D:4      | Reached skill level 10 in Axes
  4686 | D:4      | Reached XP level 8. HP: 52/64 MP: 7/7
  4932 | D:5      | Entered Level 5 of the Dungeon
  5192 | D:5      | Found a shimmering altar of Xom,
  5219 | D:5      | Reached skill level 11 in Axes
  5275 | D:5      | Reached skill level 5 in Dodging
  5332 | D:5      | Noticed Edmund
  5348 | D:5      | Killed Edmund
  5348 | D:5      | Reached ** piety under Okawaru
  6270 | D:6      | Reached skill level 12 in Axes
  6630 | D:6      | Reached XP level 9. HP: 70/70 MP: 8/8
  6933 | D:6      | Found Iqomo's Assorted Antiques,
  6940 | D:6      | Bought 2 scrolls labeled BOUGUV JEMY for 50 gold pieces
  6940 | D:6      | Bought a potion of might for 100 gold pieces
  6940 | D:6      | Bought an ivory wand for 100 gold pieces
  7379 | D:7      | Noticed a two-headed ogre
  7391 | D:7      | Killed a two-headed ogre
  7391 | D:7      | Reached *** piety under Okawaru
  7391 | D:7      | Reached skill level 13 in Axes
  7581 | D:7      | Got a jewelled hand axe
  7591 | D:7      | Identified the +7 hand axe of the Pyrrhic Victory {drain,
                  | +Blink} (You found it on level 7 of the Dungeon)
  7693 | D:7      | Found a shadowy altar of Dithmenos,
  8230 | D:7      | Found a stormy altar of Qazlal,
  8334 | D:8      | Reached skill level 14 in Axes
  8372 | D:8      | Reached **** piety under Okawaru
  8384 | D:8      | Noticed a death yak
  8396 | D:8      | Found a sand-covered staircase,
  8403 | Ossuary  | Entered an ossuary
  8444 | Ossuary  | Reached XP level 10. HP: 8/77 MP: 9/9
  9063 | Ossuary  | Got a glittering steel ring
  9276 | D:8      | Noticed a death yak
  9277 | D:8      | Noticed a death yak
  9320 | D:8      | Killed a death yak
  9320 | D:8      | Reached skill level 10 in Dodging
  9331 | D:8      | Killed a death yak
  9331 | D:8      | Reached ***** piety under Okawaru
  9337 | D:8      | Killed a death yak
  9584 | D:8      | Found a staircase to the Lair,
  9721 | D:8      | Identified the ring of the Good {rElec Str+5 Int+3 SInv}
                  | (You found it in an ossuary)
  9759 | D:8      | Noticed an orc warlord
  9957 | D:4      | Killed Remcycle's ghost
  9962 | D:4      | Killed MrTaco21's ghost
  9962 | D:4      | Reached skill level 1 in Invocations
  9969 | D:4      | Killed HDogLeCool's ghost
 10081 | D:4      | Gained mutation: Armour fits poorly on your strangely
                  | shaped body. [potion of mutation]
 10081 | D:4      | Gained mutation: You are dopey. (Int -2) [potion of
                  | mutation]
 10081 | D:4      | Gained mutation: You can translocate small distances at
                  | will. [potion of mutation]
 10082 | D:4      | Lost mutation: You are dopey. (Int -2) [potion of mutation]
 10082 | D:4      | Lost mutation: Armour fits poorly on your strangely shaped
                  | body. [potion of mutation]
 10082 | D:4      | Lost mutation: You can translocate small distances at will.
                  | [potion of mutation]
 10082 | D:4      | Gained mutation: You are frail. (-10% HP) [potion of
                  | mutation]
 10082 | D:4      | Gained mutation: Your system is resistant to poisons.
                  | (rPois) [potion of mutation]
 10171 | D:8      | Found a glowing golden altar of the Shining One,
 10357 | D:8      | Reached XP level 11. HP: 75/75 MP: 10/10
 10360 | D:8      | Noticed an orc knight
 10384 | D:8      | Killed an orc knight
 10414 | D:8      | Received a gift from Okawaru
 10916 | D:8      | Reached skill level 5 in Shields
 10992 | D:8      | Reached skill level 5 in Fighting
 10992 | D:8      | Reached skill level 5 in Armour
 11036 | D:8      | Killed an orc warlord
 11036 | D:8      | Reached ****** piety under Okawaru
 11039 | D:8      | Noticed Erica
 11051 | D:8      | Killed Erica
 11051 | D:8      | Received a gift from Okawaru
 11748 | D:9      | Found a sparkling altar of Nemelex Xobeh,
 11790 | D:9      | Noticed Grum
 11796 | D:9      | Killed Grum
 12152 | D:9      | Found a shimmering blue altar of Sif Muna,
 12196 | D:9      | Got an amber-encrusted leather armour
 12215 | D:9      | Noticed a two-headed ogre
 12221 | D:9      | Killed a two-headed ogre
 12264 | D:9      | Identified the +3 leather armour of Zin's Approval {rCorr
                  | Dex+3} (You found it on level 9 of the Dungeon)
 12460 | D:9      | Found an ancient bone altar of Kikubaaqudgha,
 12516 | D:9      | Found a staircase to the Orcish Mines,
 12683 | D:10     | Entered Level 10 of the Dungeon
 12683 | D:10     | Noticed a two-headed ogre
 12690 | D:10     | Killed a two-headed ogre
 13185 | D:10     | Reached XP level 12. HP: 87/87 MP: 14/14
 13343 | Lair:1   | Entered Level 1 of the Lair of Beasts
 13349 | Lair:1   | Noticed a four-headed hydra
 13356 | Lair:1   | Killed a one-headed hydra
 13434 | Lair:1   | Received a gift from Okawaru
 13435 | Lair:1   | Got a polished short sword {god gift}
 13440 | Lair:1   | Reached skill level 5 in Invocations
 13444 | Lair:1   | Identified the +6 short sword "Aubergine" {venom, Str+2}
                  | (Okawaru gifted it to you on level 1 of the Lair of Beasts)
 14549 | Lair:2   | Found a gate leading to a gauntlet,
 14580 | Gauntlet | Entered a Gauntlet
 14580 | Gauntlet | Found a transporter,
 14580 | Gauntlet | Found a transporter,
 14581 | Gauntlet | Found a transporter,
 14631 | Gauntlet | Found a transporter,
 14634 | Gauntlet | Found a transporter,
 14636 | Gauntlet | Found a transporter,
 14638 | Gauntlet | Found a runed translucent door,
 14638 | Gauntlet | Found a runed translucent door,
 14641 | Gauntlet | Found a transporter,
 14642 | Gauntlet | Found a transporter,
 14643 | Gauntlet | Found a transporter,
 14645 | Gauntlet | Found a transporter,
 14653 | Gauntlet | Found a transporter,
 14653 | Gauntlet | Noticed a reaper
 14654 | Gauntlet | Found a transporter,
 14938 | Gauntlet | Reached skill level 15 in Axes
 14971 | Gauntlet | Got a steaming brass ring
 14977 | Gauntlet | Identified the ring of Otiheofe {Wiz *Slow rC+ MR++ Slay+5}
                  | (You found it in a Gauntlet)
 15012 | Gauntlet | Killed a reaper
 15030 | Gauntlet | Got a bloodstained hat
 15038 | Gauntlet | Identified the +1 hat of a wizard's laboratory {rF+} (You
                  | found it in a Gauntlet)
 15057 | Gauntlet | Identified the cursed +0 war axe of Etughono {vamp, rElec
                  | rC+}
 15057 | Gauntlet | Identified the +1 plate armour "Pusour" {Str+4 Int+5}
 15057 | Gauntlet | Noticed a minotaur
 15071 | Gauntlet | Killed a minotaur
 15145 | Gauntlet | Identified the Almanac of Lucky Companions
 15148 | Gauntlet | Identified the Almanac of Burning Intoxication
 15246 | Lair:2   | Received a gift from Okawaru
 15266 | Lair:2   | Noticed a four-headed hydra
 15268 | Lair:2   | Found a staircase to the Snake Pit,
 15277 | Lair:2   | Noticed Maggie
 15290 | Lair:2   | Killed a one-headed hydra
 15290 | Lair:2   | Reached XP level 13. HP: 88/96 MP: 8/16
 15297 | Lair:2   | Killed Maggie
 15305 | Lair:2   | Reached skill level 16 in Axes
 15570 | Lair:2   | Identified the Handbook of Clay and the Volcanoes
 15651 | Lair:2   | Found a staircase to the Swamp,
 16083 | Lair:2   | Reached skill level 17 in Axes
 16106 | Lair:2   | Got a twitching wooden ring
 16116 | Lair:2   | Identified the ring of Peasmugh {rPois rC+ Stlth+} (You
                  | found it on level 2 of the Lair of Beasts)
 16157 | Lair:2   | Quit the game

Levels and vault maps discovered:
D:1:      lemuel_arrival_hallway, layout_basic
D:2:      layout_basic, bloody_trog, old_standard_altar,
          lemuel_coloured_pillars_altar,
          nicolae_gozag_cash_rules_everything_around_me, uniq_natasha,
          uniq_robin
D:3:      layout_basic
D:4:      layout_basic, nicolae_ru_sacrificial_ziggurat, okawaru_gym_becter,
          minmay_temple_entry_antechambers, gammafunk_ghost_cemetery,
          st_stairs_9, uniq_grinder
D:5:      layout_rooms, xom_confusion_cloud, first_ration,
          minmay_misc_feat_more_columns, uniq_edmund
D:6:      layout_basic, serial_co_window_serial, co_window_cross_1,
          co_window_of_opportunity_a, co_window_paths_a, co_window_paths_b,
          co_window_paths_a, co_window_paths_c, co_window_of_opportunity_c,
          co_window_corner_b, co_window_broadway_a, co_window_corner_cb,
          co_window_unsneaky_path_b, co_window_corner_cb, glass_columns_b,
          grunt_ministairs_5, kennysheep_small_circle
D:7:      layout_loops_corners, lemuel_doored_altar,
          nicolae_qazlal_style_of_elements
D:8:      lemuel_castle_with_subvaults [lemuel_castle_interior_original],
          layout_rooms, dpeg_lair_monsters, nicolae_ossuary_entry_ruins,
          grunt_pizzeria, small_statue_intersection, tso_metal_star, uniq_erica
D:9:      layout_loops_ring, lemuel_crystal_altar, lemuel_round_altar,
          led_sif_pool, orc_0_dummy, roderic_lattice_a, uniq_grum
D:10:     layout_irregular_city, kennysheep_generic_room_5
Temple:   minmay_temple_curvy_loop
Lair:1:   layout_cave_pods, grunt_megastairs_3, minmay_lair_oklob_chamber,
          lemuel_fruit_tree, serial_bayou_shore_b
Lair:2:   statuecave_lemuel, layout_misc_corridors,
          nicolae_swamp_entry_splash_gauntlet,
          minmay_snake_entry_guardpost_small, gauntlet_entry_generic,
          uniq_maggie

Skill      XL: |  1  2  3  4  5  6  7  8  9 10 11 12 13 |
---------------+----------------------------------------+-----
Axes           | 3 4 5 7 8 10 12 14 15 17 | 17.1
Dodging        | 2 4 6 8 12 13 | 13.4
Fighting       | 4 6 8 |  8.0
Armour         | 4 6 8 |  8.1
Shields        | 4 6 8 |  8.1
Invocations    | 1 4 5 |  5.9

Action                   |  1- 3 |  4- 6 |  7- 9 | 10-12 | 13-15 || total
-------------------------+-------+-------+-------+-------+-------++-------
Melee: War axe           |    81 |   144 |   264 |       |       ||   489
       Headbutt          |     9 |    20 |    65 |   168 |    21 ||   283
       Hand axe          |       |       |   108 |   705 |    81 ||   894
       Unarmed           |       |       |       |     7 |       ||     7
       Broad axe         |       |       |       |     6 |       ||     6
       Scimitar          |       |       |       |     8 |       ||     8
Throw: Boomerang         |       |       |     2 |     1 |       ||     3
       Javelin           |       |       |     1 |     6 |       ||     7
Invok: Heroism           |       |       |     5 |    15 |     1 ||    21
       Finesse           |       |       |       |     4 |       ||     4
Evoke: Wand              |       |       |       |     5 |       ||     5
  Use: Scroll            |     2 |     2 |     9 |    19 |     3 ||    35
       Potion            |       |       |       |     3 |     1 ||     4
 Stab: Distracted        |       |     1 |       |       |       ||     1
  Eat: Chunk             |     1 |     8 |    16 |    17 |     3 ||    45
       Ration            |       |       |     1 |     1 |       ||     2
Armor: Scale mail        |    43 |    38 |       |       |       ||    81
       Chain mail        |       |    25 |    12 |       |       ||    37
       Plate armour      |       |       |   155 |   126 |     8 ||   289
Dodge: Dodged            |    26 |    47 |    76 |   149 |    21 ||   319
Block: Kite shield       |    53 |    82 |   156 |   338 |    63 ||   692

Table legend:
 A = Non-vault XP
 B = Vault XP
 C = Vault XP percentage of total XP
 D = Non-vault monster count
 E = Vault monster count
 F = Vault count percentage of total count
                 A         B        C        D         E       F
            +---------+---------+-------+---------+---------+-------
      Total |   24909 |   22051 |  47.0 |     308 |     177 |  36.5
            +---------+---------+-------+---------+---------+-------
        D:1 |      30 |       0 |   0.0 |      18 |       0 |   0.0
        D:2 |     253 |      76 |  23.1 |      22 |      14 |  38.9
        D:3 |      78 |       0 |   0.0 |      22 |       0 |   0.0
        D:4 |     656 |    1172 |  64.1 |      29 |       6 |  17.1
        D:5 |     441 |     270 |  38.0 |      19 |       5 |  20.8
        D:6 |     801 |     196 |  19.7 |      30 |       7 |  18.9
        D:7 |    1651 |       0 |   0.0 |      29 |       0 |   0.0
        D:8 |    1043 |    9467 |  90.1 |      26 |      74 |  74.0
        D:9 |    2208 |     432 |  16.4 |      29 |       3 |   9.4
       D:10 |    2000 |     118 |   5.6 |      22 |       1 |   4.3
     Lair:1 |    7295 |    3017 |  29.3 |      27 |       9 |  25.0
     Lair:2 |    8453 |    2284 |  21.3 |      35 |      10 |  22.2
    Ossuary |       0 |     988 | 100.0 |       0 |      38 | 100.0
   Gauntlet |       0 |    4031 | 100.0 |       0 |      10 | 100.0
            +---------+---------+-------+---------+---------+-------
